 Dungeon Crawl Stone Soup version 0.30-a0-748-ge6a52f7cba (webtiles) character file.

Game seed: 18302077611417538330

93689 ParallaxScroll the Fencer (level 15, -3/124 HPs)
             Began as a Red Draconian Fighter on Feb 8, 2023.
             Was the Champion of Makhleb.
             Succumbed to poison
             ... while paralysed by a fenstrider witch
             ... on level 1 of the Swamp.
             The game lasted 02:57:31 (32176 turns).

ParallaxScroll the Fencer (Red Draconian Fighter)  Turns: 32176, Time: 02:57:32

Health: -3/124     AC: 17    Str: 21    XL:     15   Next: 61%
Magic:  21/25      EV:  2    Int:  8    God:    Makhleb [******]
Gold:   1068       SH:  0    Dex: 16    Spells: 14/14 levels left

rFire   + . .      SeeInvis .    a - +9 double sword (vamp)
rCold   . . .      Faith    .    y - +0 buckler
rNeg    . . .      Spirit   .    (body armour unavailable)
rPois   +          Reflect  .    (helmet restricted)
rElec   .          Harm     .    m - +2 cloak
rCorr   .          Rampage  .    Y - +2 pair of gloves {infuse}
Will    +....                    D - +1 pair of boots
Stlth   +                        s - amulet of regeneration
HPRegen 1.20/turn                o - +4 ring of slaying
MPRegen 0.19/turn                g - ring of poison resistance

@: paralysed, lethally poisoned (-3 -> -33), very slow
A: breathe fire, AC +9, unfitting armour, fire resistance 1, cold-blooded
a: Breathe Fire, Renounce Religion, Minor Destruction, Lesser Servant of
Makhleb, Major Destruction, Greater Servant of Makhleb


You were on level 1 of the Swamp.
You worshipped Makhleb.
Makhleb was exalted by your worship.
You visited 5 branches of the dungeon, and saw 24 of its levels.
You also visited: Sewer.

You collected 3309 gold pieces.
You spent 2241 gold pieces at shops.

Inventory:

Hand Weapons
 a - a +9 vampiric double sword (weapon)
 b - the +7 trident "Puopnur" {antimagic, rN+}
   (You took it off a hobgoblin on level 3 of the Dungeon)

   rN:        It protects you from negative energy.
 d - the +2 hand axe "Wuajil" {pain, rC+ rCorr}
   (You found it on level 2 of the Dungeon)

   rC:        It protects you from cold.
   rCorr:     It protects you from acid and corrosion.
Missiles
 i - 26 boomerangs
 x - 6 curare-tipped darts
 B - 7 throwing nets
 N - 13 javelins
 R - 24 poisoned darts (quivered)
Armour
 m - a +2 cloak (worn)
 y - a +0 buckler (worn)
 D - a +1 pair of boots (worn)
 Y - a +2 pair of gloves of infusion (worn)
Jewellery
 c - the ring "Udor Xunt" {Wiz rElec}
   (You acquired it on level 13 of the Dungeon)

   [ring of wizardry]

   It improves your spell success rate.
   rElec:     It insulates you from electricity.
 g - a ring of poison resistance (right hand)
 o - a +4 ring of slaying (left hand)
 s - an amulet of regeneration (around neck)
 w - a ring of willpower
 G - a +4 ring of protection
 T - a ring of protection from cold
Wands
 C - a wand of digging (4)
 E - a wand of quicksilver (14)
 F - a wand of flame (6)
 I - a wand of iceblast (20)
 Q - a wand of mindburst (18)
 X - a wand of polymorph (38)
 Z - a wand of charming (25)
Scrolls
 f - 5 scrolls of fog
 j - a scroll of immolation
 k - 7 scrolls of blinking
 l - 6 scrolls of teleportation
 n - 2 scrolls of vulnerability
 p - 2 scrolls of magic mapping
 t - 5 scrolls of poison
 v - 5 scrolls of fear
 W - a scroll of summoning
Potions
 e - 6 potions of might
 r - 3 potions of invisibility
 z - 15 potions of curing {unknown}
 A - 4 potions of ambrosia
 H - 4 potions of heal wounds
 J - 3 potions of berserk rage
 K - 5 potions of haste
 O - 7 potions of lignification
 P - 3 potions of magic
 S - 5 potions of resistance
 U - a potion of attraction
 V - 7 potions of flight
Miscellaneous
 h - a tin of tremorstones (1/2)
 q - a phial of floods
 u - a condenser vane
 L - a box of beasts
 M - a phantom mirror


   Skills:
 + Level 9.2 Fighting
 - Level 16.0 Long Blades
 - Level 12.6 Polearms
 - Level 4.0 Throwing
 + Level 11.1 Dodging
 - Level 1.0 Stealth
 - Level 3.0 Shields
 + Level 13.3 Invocations
 - Level 7.0 Evocations


You had 14 spell levels left.
You didn't know any spells.
Your spell library contained the following spells:

 Spells                   Type           Power      Damage    Failure   Level
 Apportation              Tloc           0%         N/A       50%         1
 Magic Dart               Conj           0%         1d3       50%         1
 Shock                    Conj/Air       0%         1d3       50%         1
 Sting                    Tmut/Pois      0%         1d3       50%         1
 Call Imp                 Summ           0%         N/A       65%         2
 Lesser Beckoning         Tloc           0%         N/A       65%         2
 Searing Ray              Conj           0%         2d4       65%         2
 Sublimation of Blood     Necr           0%         N/A       65%         2
 Wereblood                Tmut           0%         N/A       65%         2
 Mephitic Cloud           Conj/Pois/Air  0%         N/A       86%         3
 Summon Guardian Golem    Hex/Summ       0%         N/A       86%         3
 Swiftness                Air            0%         N/A       86%         3
 Airstrike                Air            0%         2d(0-16)  99%         4
 Cause Fear               Hex            0%         N/A       99%         4
 Fulminant Prism          Conj/Hex       0%         3d5       99%         4
 Passage of Golubria      Tloc           0%         N/A       99%         4
 Petrify                  Tmut/Erth      0%         N/A       99%         4
 Alistair's Intoxication  Tmut/Pois      0%         N/A       100%        5
 Borgnjor's Vile Clutch   Necr/Erth      0%         N/A       100%        5
 Irradiate                Conj/Tmut      0%         3d11      100%        5
 Iskenderun's Battlesphe  Conj           0%         2d6       100%        5
 Silence                  Hex/Air        0%         N/A       100%        5
 Eringya's Noxious Bog    Tmut/Pois      0%         N/A       100%        6
 Iron Shot                Conj/Erth      0%         9d1       100%        6
 Dragon Form              Tmut           0%         N/A       100%        7
 Malign Gateway           Summ/Tloc      0%         N/A       100%        7
 Spellforged Servitor     Conj/Summ      0%         N/A       100%        7
 Lehudib's Crystal Spear  Conj/Erth      0%         10d2      100%        8
 Dragon's Call            Summ           0%         N/A       100%        9


Dungeon Overview and Level Annotations

Branches:
Dungeon (14/15)            Temple (0/1) D:7            Lair (5/5) D:9
  Swamp (1/4) Lair:2       Spider (2/4) Lair:3        Slime (0/5) Lair:4
    Orc (2/2) D:9             Elf (0/3) Orc:2         Sewer (visited)
 Vaults: D:13-14

Altars:
Cheibriados
Fedhas
Makhleb
Ru
Sif Muna
Trog
Uskayaw
Vehumet
Zin
The Shining One

Shops:
D:4 ?*:=:   D:12 [   Orc:2 [(*!

Annotations:
D:12 1 runed translucent door, runemasterragnar's ghost, journeyman DrTm
D:13 3 exclusions, Rupert
Lair:2 exclusion: oklob plant
Spider:1 3 runed translucent doors, Gifaivo's ghost, journeyman DECj


Innate Abilities, Weirdness & Mutations

You can breathe blasts of fire.
Your fiery red scales are hard. (AC +9)
You cannot fit into any form of body armour.
Your flesh is heat resistant. (rF+)
You are cold-blooded and may be slowed by cold attacks.


Message History

You're wearing all the rings you can.
Remove which one? (? for menu, Esc to cancel) < or
o - a +4 ring of slaying; > or
G - a +4 ring of protection You remove your +4 ring of protection.
You fester in the toxic bog!
You are more poisoned.
You have got your breath back.
You feel very sick.
g - a ring of poison resistance (right hand)
You fester in the toxic bog.
You partially resist.
You are more poisoned.
You feel very sick.
The fenstrider witch gestures at you while chanting.
You suddenly lose the ability to move!
Your smoke demon gestures at the fenstrider witch.
The fenstrider witch is smitten.
You feel extremely sick.
The fenstrider witch hits your smoke demon with a +0 quarterstaff!!
The fenstrider witch kicks your smoke demon!
Your smoke demon dies!
Your smoke demon disappears in a puff of smoke!
You feel extremely sick.
The fenstrider witch hits you but does no damage.
The fenstrider witch kicks you!
The fenstrider witch gestures at you while chanting.
The toxic sludge hits you!
You are more poisoned.
You partially resist.
* * * LOW HITPOINT WARNING * * *
Splash!
You fall into the toxic bog.
Moving in this stuff is going to be slow.
You fester in the toxic bog!
You partially resist.
You are lethally poisoned!
* * * LOW HITPOINT WARNING * * *
x2 You feel extremely sick.
The fenstrider witch hits you with a +0 quarterstaff!
* * * LOW HITPOINT WARNING * * *
The fenstrider witch kicks you but does no damage.
You fester in the toxic bog!
You partially resist.
You are more poisoned.
You die...

~~..♣~~..♣♣~♣~~..♣♣~~~.
~........♣.............
~~~~~......~.(......~.
~~~~~....♣~§...~~~~.♣♣
~~~~~~~~~.~§♣♣~~~~~.~♣
~~~§~~~~~)~♣♣♣.~~~~.♣♣
.~~...~~~..~ ♣.~~..♣♣♣
~~..~~~§~.~♣♣.†..§..♣
~~......~...H@.♣~~~~♣
~~.♣.....≈.~§~.~♣♣~~.~
>..≈≈.♣}..♣ ...~
≈≈≈≈≈≈.~.§~♣ ♣♣.
≈≈≈≈≈≈.♣.~~♣
≈≈≈≈≈≈.♣..♣♣
≈≈≈≈≈.~...♣ ≈≈≈≈....~§♣


You could see a fenstrider witch.

Vanquished Creatures
  A ghost moth (Spider:1)
  An emperor scorpion (Spider:1)
  An orc warlord (Orc:2)
  A broodmother (Spider:1)
  Azrael (D:14)
  2 spark wasps
  A bunyip (Lair:2)
  An ettin (Orc:1)
  Josephine (Orc:1)
  A fire dragon (Lair:4)
  Snorg (D:14)
  2 hydras (Lair:2)
  A ghost crab (Lair:2)
  A jorogumo (Spider:1)
  5 centaur warriors
  A merfolk avatar (Lair:5)
  Erica (Orc:1)
  5 alligators
  4 two-headed ogres
  A deep elf knight (D:13)
  Amaemon (Lair:2)
  A spriggan druid (Swamp:1)
  A sea snake (Lair:5)
  A deep elf pyromancer (D:12)
  4 bog bodies
  2 steelbarb worms (Spider:1)
  Pikel (D:7)
  3 orc knights
  4 orc sorcerers
  2 ugly things
  2 harpies (Lair:5)
  5 wolf spiders (Spider:1)
  3 cyclopes
  2 will-o-the-wisps (Swamp:1)
  15 elephants
  5 manticores
  A demonic crawler (Spider:1)
  6 black mambas
  A black mamba (shapeshifter) (D:13)
  7 cane toads
  3 gargoyles
  A torpor snail (Spider:1)
  An orange demon (Lair:2)
  A kobold demonologist (D:13)
  4 unseen horrors
  2 rime drakes
  8 komodo dragons
  An efreet (D:13)
  A yaktaur (D:13)
  7 trolls
  A bloated husk (Swamp:1)
  4 polar bears
  A queen bee (D:13)
  3 meliai (D:13)
  8 tarantellas (Spider:1)
  8 hornets
  8 blink frogs
  A wind drake (Lair:5)
  2 snapping turtles
  A dream sheep (D:10)
  8 slime creatures (D:14)
  6 jumping spiders
  2 spectral black mambas (Lair:2)
  5 shadows
  5 wraiths
  6 wyverns
  4 culicivoras
  5 spriggans
  Eustachio (D:6)
  3 basilisks
  5 fire elementals (D:14)
  38 yaks
  Menkaure (D:7)
  2 steam dragons
  14 redbacks
  3 vampire mosquitoes
  3 acid dragons
  7 wargs
  Duvessa (D:7)
  15 water moccasins
  A hell hound (D:14)
  2 swamp drakes (Swamp:1)
  Pargi (D:3)
  39 orc warriors
  A spectral yak (Lair:2)
  A spectral blink frog (Lair:2)
  An ice beast (D:7)
  3 black bears
  A sky beast (D:6)
  4 ogres
  17 wolves
  6 centaurs
  A lemure (D:7)
  A phantom (D:5)
  3 kobold brigands
  16 bullfrogs
  4 scorpions
  3 gnoll sergeants
  12 wights
  Dowan (D:7)
  33 killer bees
  A spectral wolf (Lair:2)
  2 electric eels (Lair:4)
  2 howler monkeys
  2 hounds (D:6)
  4 jellies
  3 gnoll boudas
  23 orc priests
  Jessica (D:2)
  2 iguanas (D:6)
  Terence (D:1)
  26 orc wizards
  Robin (D:2)
  25 gnolls
  10 adders
  A river rat (Sewer)
  A shadow imp (D:7)
  An ufetubus (D:7)
  4 worms
  4 dart slugs
  94 orcs
  11 endoplasms
  3 giant cockroaches
  8 hobgoblins
  2 jackals (D:3)
  16 kobolds
  3 quokkas
  9 ball pythons
  3 bats
  5 frilled lizards
  9 goblins
  9 rats
737 creatures vanquished.

Vanquished Creatures (collateral kills)
  A demonic crawler (Spider:1)
  A tarantella (Spider:1)
  A snapping turtle (Lair:5)
  A culicivora (Spider:1)
  A spriggan (Swamp:1)
  A redback (Spider:1)
  2 hell hounds (D:14)
  A water moccasin (Lair:5)
  4 wolves (Lair:1)
13 creatures vanquished.

Vanquished Creatures (others)
  A bloated husk (Swamp:1)
  A hornet (Swamp:1)
  A gnoll sergeant (D:12)
  A kobold (D:13)
  6 foxfires (Swamp:1)
  21 fungi
  46 plants
77 creatures vanquished.

Grand Total: 827 creatures vanquished

Notes
Turn   | Place    | Note
-------+----------+-------------------------------------------
     0 | D:1      | ParallaxScroll the Draconian Fighter began the quest for
                  | the Orb.
     0 | D:1      | Reached XP level 1. HP: 19/19 MP: 1/1
   210 | D:1      | Reached XP level 2. HP: 26/26 MP: 2/2
   336 | D:1      | Reached skill level 3 in Long Blades
   537 | D:2      | Noticed Terence
   552 | D:1      | Killed Terence
   553 | D:1      | Reached XP level 3. HP: 17/31 MP: 3/3
   672 | D:2      | Reached skill level 4 in Long Blades
   716 | D:2      | Reached XP level 4. HP: 22/38 MP: 4/4
  1025 | D:2      | Noticed Jessica
  1038 | D:2      | Killed Jessica
  1039 | D:2      | Reached skill level 5 in Long Blades
  1078 | D:2      | Reached XP level 5. HP: 45/45 MP: 5/5
  1325 | D:2      | You fall into a shaft and drop 1 floor!
  1356 | D:3      | Found a faded altar of an unknown god.
  1365 | D:3      | Prayed at the altar of an unknown god.
  1365 | D:3      | Became a worshipper of Makhleb the Destroyer
  1365 | D:3      | Reached * piety under Makhleb
  1486 | D:3      | Found a glowing silver altar of Zin.
  1487 | D:3      | Found a hide-covered altar of Uskayaw.
  1575 | D:2      | Identified the +2 hand axe "Wuajil" {pain, rC+ rCorr}
  1743 | D:2      | Noticed Robin
  1746 | D:2      | Killed Robin
  1926 | D:3      | Identified the +7 trident "Puopnur" {antimagic, rN+}
  1941 | D:3      | Reached XP level 6. HP: 36/51 MP: 6/6
  2199 | D:3      | Reached ** piety under Makhleb
  2216 | D:3      | Noticed Pargi
  2584 | D:4      | Reached skill level 1 in Invocations
  2599 | D:4      | Found Ziomiafrig's Assorted Antiques.
  2605 | D:4      | Bought a scroll labelled YCESSYUTUO for 24 gold pieces
  2605 | D:4      | Bought a fizzy ruby potion for 21 gold pieces
  2605 | D:4      | Bought an amethyst potion for 21 gold pieces
  2605 | D:4      | Bought a scroll labelled BAVIFO POEJERI for 24 gold pieces
  2605 | D:4      | Bought a silvery potion for 21 gold pieces
  2605 | D:4      | Bought a brass wand for 96 gold pieces
  2869 | D:4      | Found Myemadorgh's Magic Scroll Shop.
  2906 | D:4      | Found Neryaq's Book Shop.
  2999 | D:4      | Found a bloodstained altar of Trog.
  3061 | D:4      | Found Wyluimam's Book Shop.
  3075 | D:4      | Your scales start taking on a fiery red colour.
  3075 | D:4      | Reached XP level 7. HP: 41/57 MP: 8/8
  3075 | D:4      | Gained mutation: Your flesh is heat resistant. (rF+) [Red
                  | Draconian growth]
  3172 | D:4      | Found Etsuas's Jewellery Shop.
  3270 | D:5      | Entered Level 5 of the Dungeon
  3307 | D:5      | Found a snail-covered altar of Cheibriados.
  3407 | D:5      | Got the Compilation of Wanderlust
  3782 | D:5      | Reached skill level 1 in Evocations
  3851 | D:5      | Reached skill level 5 in Polearms
  4297 | D:6      | Found a glowing drain.
  4311 | Sewer    | Entered a sewer
  4377 | Sewer    | Reached *** piety under Makhleb
  4658 | Sewer    | Found a viscous altar of Jiyva.
  4771 | D:6      | Reached XP level 8. HP: 63/63 MP: 11/11
  4771 | D:6      | Noticed Eustachio
  4785 | D:6      | Killed Eustachio
  4949 | D:6      | Reached skill level 1 in Stealth
  5004 | D:6      | Found a glowing golden altar of the Shining One.
  5813 | D:7      | Found a staircase to the Ecumenical Temple.
  6005 | D:7      | Reached skill level 5 in Fighting
  6012 | D:7      | Reached XP level 9. HP: 74/74 MP: 4/12
  6213 | D:7      | Noticed Duvessa
  6218 | D:7      | Noticed Dowan
  6224 | D:7      | Killed Duvessa
  6238 | D:7      | Reached skill level 5 in Dodging
  6242 | D:7      | Killed Dowan
  6399 | D:7      | Noticed Menkaure
  6415 | D:7      | Killed Menkaure
  6615 | D:7      | Noticed Pikel
  6642 | D:7      | Killed Pikel
  6787 | D:7      | Found a shimmering blue altar of Sif Muna.
  7232 | D:7      | Reached **** piety under Makhleb
  7748 | D:8      | Reached XP level 10. HP: 78/83 MP: 4/13
  7978 | D:8      | Got the Secrets of Creative Configuration
  8102 | D:8      | Reached skill level 10 in Polearms
  8310 | D:8      | Identified the +1 leather armour of Weightlessness {rElec
                  | rF+ Str-2 Int+4}
  8556 | D:9      | Found a staircase to the Lair.
  8674 | D:9      | Reached ***** piety under Makhleb
  8709 | D:9      | Noticed a gargoyle
  8723 | D:9      | Killed a gargoyle
  8950 | D:9      | Paralysed by a hornet for 1 turns
  9595 | D:9      | Noticed a two-headed ogre
  9603 | D:9      | Killed a two-headed ogre
  9604 | D:9      | Reached XP level 11. HP: 89/89 MP: 4/14
  9766 | D:9      | Found a staircase to the Orcish Mines.
  9948 | D:10     | Entered Level 10 of the Dungeon
 10076 | D:10     | Found a radiant altar of Vehumet.
 10142 | D:10     | Reached skill level 5 in Invocations
 10320 | D:10     | Noticed Urug
 10321 | D:10     | Urug changed into Urug the dream sheep
 10321 | D:10     | Noticed Urug
 10323 | D:10     | Killed Urug the dream sheep
 10955 | D:4      | Bought a ring of poison resistance for 220 gold pieces
 11087 | Lair:1   | Entered Level 1 of the Lair of Beasts
 11125 | D:9      | Reached skill level 6 in Long Blades
 11519 | Lair:1   | Reached skill level 7 in Long Blades
 12341 | Lair:1   | Reached skill level 8 in Long Blades
 12614 | Lair:2   | Reached XP level 12. HP: 59/96 MP: 18/18
 12677 | Lair:2   | Noticed Amaemon
 12691 | Lair:2   | Killed Amaemon
 12702 | Lair:2   | Reached skill level 9 in Long Blades
 13117 | Lair:2   | Reached skill level 10 in Invocations
 13312 | Lair:2   | Reached skill level 10 in Long Blades
 13342 | Lair:2   | Found a staircase to the Swamp.
 13346 | Lair:2   | Noticed a ghost crab
 13351 | Lair:2   | Killed a ghost crab
 13394 | Lair:2   | Found a blossoming altar of Fedhas.
 13965 | Lair:3   | Reached skill level 11 in Long Blades
 14797 | Lair:3   | Reached skill level 12 in Long Blades
 14829 | Lair:3   | Found a hole to the Spider Nest.
 16100 | Lair:4   | Found a staircase to the Slime Pits.
 16204 | Lair:4   | Reached XP level 13. HP: 102/102 MP: 20/20
 16313 | Lair:4   | Noticed a fire dragon
 16442 | Lair:4   | Killed a fire dragon
 16520 | Lair:4   | Identified the +1 helmet "Far Nach" {Dex+4}
 16715 | Lair:5   | Entered Level 5 of the Lair of Beasts
 16955 | Lair:5   | Noticed a dire elephant
 17172 | D:4      | Bought a scroll of identify for 22 gold pieces
 17172 | D:4      | Bought a scroll of identify for 22 gold pieces
 17172 | D:4      | Bought a scroll of identify for 22 gold pieces
 17367 | D:11     | Reached skill level 13 in Long Blades
 17387 | D:11     | Identified a scroll of acquirement
 17387 | D:11     | Acquired 714 gold pieces
 18132 | D:11     | Reached ****** piety under Makhleb
 18777 | D:12     | Found a runed translucent door.
 18780 | D:12     | Noticed runemasterragnar's ghost (journeyman DrTm)
 18807 | D:12     | Identified the +1 trident "Runleehise" {freeze, Will+ Int+3
                  | Dex-2}
 19447 | D:12     | Reached skill level 5 in Evocations
 19683 | D:12     | Found Eweps's Antique Armour Boutique.
 20318 | D:13     | Noticed Rupert
 20493 | Orc:1    | Entered Level 1 of the Orcish Mines
 21103 | Orc:1    | Noticed Erica
 21107 | Orc:1    | Noticed an ettin
 21116 | Orc:1    | Killed Erica
 21120 | Orc:1    | Killed an ettin
 21143 | Orc:1    | Noticed Harold
 21213 | Orc:1    | Harold changed into Harold the manticore
 21213 | Orc:1    | Noticed Harold
 21224 | Orc:1    | Killed Harold the manticore
 21399 | Orc:1    | Noticed Josephine
 21457 | Orc:1    | Killed Josephine
 21722 | Orc:2    | Entered Level 2 of the Orcish Mines
 22125 | Orc:2    | Reached XP level 14. HP: 113/113 MP: 22/22
 22158 | Orc:2    | Found a staircase to the Elven Halls.
 22399 | Orc:2    | Found Ciuthooh's General Store.
 22707 | Orc:2    | Found Waawn's Distillery.
 22715 | Orc:2    | Noticed an orc warlord
 22732 | Orc:2    | Killed an orc warlord
 22733 | Orc:2    | Reached skill level 14 in Long Blades
 22772 | Orc:2    | Found Suiw's Antique Armour Shoppe.
 22776 | Orc:2    | Found Oray's Antique Weapon Emporium.
 22988 | Orc:2    | Found Inunotz's Jewellery Shop.
 23174 | Orc:2    | Bought a pair of glowing gloves for 150 gold pieces
 23359 | D:4      | Bought a tin of tremorstones (2/2) for 960 gold pieces
 23414 | D:4      | Bought a scroll of blinking for 82 gold pieces
 23414 | D:4      | Bought a scroll of teleportation for 33 gold pieces
 23414 | D:4      | Bought a scroll of fog for 44 gold pieces
 23567 | Orc:2    | Bought a scroll of summoning for 114 gold pieces
 23567 | Orc:2    | Bought a scroll of blinking for 90 gold pieces
 24628 | D:14     | Noticed Snorg
 24637 | D:14     | Killed Snorg
 24929 | D:3      | Killed Pargi
 25386 | D:14     | Found a sacrificial altar of Ru.
 25542 | D:14     | Noticed Azrael
 25561 | D:14     | Killed Azrael
 25767 | D:14     | Reached skill level 10 in Dodging
 25973 | D:14     | Reached skill level 15 in Long Blades
 26562 | D:14     | Upgraded the game from 0.30-a0-743-gbfdf073431 to
                  | 0.30-a0-748-ge6a52f7cba
 27117 | D:13     | Acquired the ring "Udor Xunt" {Wiz rElec}
 27331 | Spider:1 | Entered Level 1 of the Spider Nest
 27776 | Spider:1 | Killed a ghost moth
 27949 | Spider:1 | Reached skill level 16 in Long Blades
 27975 | Spider:1 | Noticed an emperor scorpion
 27985 | Spider:1 | Killed an emperor scorpion
 28011 | Spider:1 | Found a runed translucent gate.
 28011 | Spider:1 | Found a runed translucent gate.
 28011 | Spider:1 | Found a runed translucent gate.
 28018 | Spider:1 | Noticed Gifaivo's ghost (journeyman DECj)
 28323 | Spider:1 | Noticed a broodmother
 28336 | Spider:1 | Killed a broodmother
 28388 | Spider:1 | Reached skill level 1 in Throwing
 28395 | Spider:1 | Reached XP level 15. HP: 73/119 MP: 17/24
 30017 | D:4      | Bought a ring of protection from cold for 275 gold pieces
 30607 | Lair:5   | Found a snail-covered altar of Cheibriados.
 30826 | Lair:5   | Identified the +7 rapier of Indomitability {speed, *Rage
                  | rC+ Will+}
 31204 | Swamp:1  | Entered Level 1 of the Swamp
 32161 | Swamp:1  | Noticed a fenstrider witch
 32172 | Swamp:1  | Paralysed by a fenstrider witch for 5 turns
 32175 | Swamp:1  | HP: 4/124 [fenstrider witch/+0 quarterstaff (9)]
 32176 | Swamp:1  | Succumbed to poison

Illustrated notes

Levels and vault maps discovered:
D:1:      grunt_arrival_lava_bath, layout_rooms
D:2:      layout_basic, uniq_terence, uniq_robin, uniq_jessica
D:3:      kennysheep_big_flooded_room, layout_loops_ring,
          chequers_temple_overflow_statue_of_worship,
          shapermc_ecumenical_altar_totnotflames, uniq_pargi
D:4:      cheibrodos_quashed, layout_rooms, lemuel_tele_altar, serial_shops,
          shop, shop_fountains, kennysheep_little_box, shop, shop,
          minmay_circle_x
D:5:      layout_basic, amcnicky_altar_gilded, serial_bayou_lagoon_a
D:6:      layout_basic, mainiacjoe_overflow_24_doors, portal_sewer_entry_b,
          kennysheep_generic_room_16, uniq_eustachio
D:7:      layout_basic, lemuel_blue_sif_altar, minmay_temple_entry_hall,
          dreamdust_princess_corridor, uniq_duvessa, uniq_pikel, uniq_menkaure
D:8:      layout_basic
D:9:      minmay_razor_zed, layout_basic, erik_lair_orcish_takeover,
          orc_0_dummy, serial_curves, eino_curves_01, eino_curves_01,
          grunt_ministairs_14, minmay_misc_feat_hallway, minmay_misc_feat_rows
D:10:     layout_roguey, mainiacjoe_overflow_chevrons, uniq_urug
D:11:     layout_stronghold
D:12:     layout_cave_pods, ebering_ghost_funeral_grove, serial_shops,
          nicolae_shop_hallway_plus
D:13:     layout_roguey [special_room_bee], grunt_vaults_entry_fortified,
          grunt_ministairs_6, minmay_joined_circles, uniq_rupert
D:14:     layout_layer_cave, lemuel_doored_altar, uniq_snorg, uniq_azrael
Lair:1:   layout_hall_layers, st_stairs_12, grunt_forest_stairs_basic,
          beast_lair_carwin_6, grunt_megastairs_5
Lair:2:   layout_roguey, nicolae_swamp_entry_spooky, st_stairs_10, tgw_fedhas,
          uniq_amaemon
Lair:3:   layout_cave_pods, spider_nest_entry_funnel_web, grunt_megastairs_3
Lair:4:   dragon1_lemuel, layout_regular_city, dpeg_slime_entry_corner,
          nicolae_quartered_pool_little, st_stairs_3, serial_bayou_pond_d,
          minivault_23
Lair:5:   gammafunk_lair_ancient_temple, layout_regular_city, basic_altar
Swamp:1:  nicolae_swamp_standing_stones, layout_basic_swamp,
          infiniplex_staircase_pool, swamp_pool5
Spider:1: layout_spider_delve, gammafunk_ghost_necromancy
Spider:2: layout_spider_delve
Orc:1:    layout_caves, uniq_josephine, uniq_erica, uniq_harold
Orc:2:    grunt_orc_community_town_hall, layout_caves,
          grunt_orc_community_big_house_2, grunt_orc_community_big_house_1,
          grunt_orc_community_house_1, grunt_orc_community_house_1,
          grunt_orc_community_house_3, grunt_orc_community_house_1,
          grunt_orc_community_house_2, grunt_orc_community_house_2,
          serial_shops, nicolae_diamond_shop

Skill      XL: |  1  2  3  4  5  6  7  8  9 10 11 12 13 14 15 |
---------------+----------------------------------------------+-----
Long Blades    | 3 4 5 8 12 13 16 | 16.0
Polearms       | 3 4 5 7 8 12 | 12.6
Invocations    | 2 4 9 10 11 12 13 | 13.3
Evocations     | 3 4 6 7 |  7.0
Dodging        | 4 6 7 8 10 11 | 11.1
Stealth        | 1 |  1.0
Fighting       | 5 6 7 9 |  9.2
Throwing       | 1 4 |  4.0
Shields        | |  3.0

Action                     |  1- 3 |  4- 6 |  7- 9 | 10-12 | 13-15 || total
---------------------------+-------+-------+-------+-------+-------++-------
  Melee: Long sword        |    68 |    35 |       |       |       ||   103
         Tailslap          |     3 |    15 |    11 |    65 |   117 ||   211
         Trident           |       |    97 |   175 |   153 |     8 ||   433
         Double sword      |       |       |       |   258 |   729 ||   987
         Hand axe          |       |       |       |       |     1 ||     1
   Fire: Sling             |       |     7 |    66 |    31 |     8 ||   112
  Throw: Javelin           |     1 |       |       |       |       ||     1
         Stone             |     2 |     5 |     1 |       |       ||     8
         Dart              |       |       |     4 |     6 |    94 ||   104
         Boomerang         |       |       |       |       |    16 ||    16
 Invoke: Minor Destruction |       |       |    17 |   176 |   336 ||   529
         Lesser Servant of |       |       |       |     3 |    16 ||    19
         Major Destruction |       |       |       |       |     1 ||     1
Ability: Breathe Fire      |       |       |    27 |    52 |    65 ||   144
  Evoke: Wand              |       |       |       |     2 |    25 ||    27
         Condenser vane    |       |       |       |       |     4 ||     4
         Phial of floods   |       |       |       |       |     2 ||     2
         Box of beasts     |       |       |       |       |     1 ||     1
         Phantom mirror    |       |       |       |       |     1 ||     1
         Tin of tremorston |       |       |       |       |     1 ||     1
    Use: Scroll            |     3 |     2 |     3 |    16 |    13 ||    37
         Potion            |       |       |       |       |     4 ||     4
   Stab: Sleeping          |       |       |       |     2 |     1 ||     3
         Distracted        |       |       |       |       |     5 ||     5
 Armour: Skin              |    11 |    15 |    46 |   168 |   326 ||   566
  Dodge: Dodged            |    28 |    44 |    61 |   250 |   527 ||   910
  Block: Buckler           |    10 |    17 |    29 |    98 |   207 ||   361

Table legend: (Time is in decaauts)
 A = Elapsed time spent in this place.
 B = Non-inter-level travel time spent in this place.
 C = Inter-level travel time spent in this place.
 D = Time resting spent in this place.
 E = Time spent auto-exploring this place.
 F = Levels seen in this place.
 G = Mean time per level.
                   A        B        C        D        E       F      G
               +--------+--------+--------+--------+--------+-----+--------+
         Total |  32334 |  27641 |   4693 |   8160 |  14732 |  25 | 1293.4 |
       Dungeon |  18599 |  15400 |   3199 |   3898 |   9053 |  14 | 1328.5 |
          Lair |   8529 |   7445 |   1084 |   2641 |   3686 |   5 | 1705.8 |
         Swamp |    653 |    614 |     39 |    221 |    212 |   1 |  653.0 |
   Spider Nest |   1833 |   1661 |    172 |    623 |    720 |   2 |  916.5 |
  Orcish Mines |   2260 |   2063 |    197 |    573 |    901 |   2 | 1130.0 |
         Sewer |    457 |    457 |      0 |    202 |    159 |   1 |  457.0 |
               +--------+--------+--------+--------+--------+-----+--------+

Top non-repeatable levels by time:
     D:9: 2337 daAuts
  Lair:4: 2008 daAuts
     D:7: 1821 daAuts
  Lair:2: 1793 daAuts
Spider:1: 1759 daAuts
  Lair:3: 1740 daAuts
  Lair:1: 1624 daAuts
    D:11: 1617 daAuts
    D:12: 1568 daAuts
     D:8: 1379 daAuts
  Lair:5: 1362 daAuts
    D:14: 1353 daAuts
    D:13: 1343 daAuts
     D:6: 1334 daAuts
   Orc:2: 1145 daAuts
